 Dungeon Crawl Stone Soup version 0.17-a0-1798-g879a7aa (webtiles) character file.

2501 luca467 the Martial Artist (level 9, -4/108 HPs)
             Began as a Demonspawn Monk on Sept 10, 2015.
             Slain by a gnoll
             ... wielding a +2 halberd of electrocution
              (9 damage)
             ... in a bailey.
             The game lasted 00:42:27 (7372 turns).

luca467 the Martial Artist (Demonspawn Monk)        Turns: 7372, Time: 00:42:27

Health: -4/108     AC: 24    Str: 12    XL:     9   Next: 28%
Magic:  9/9        EV:  2    Int: 11    God:
Gold:   364        SH:  0    Dex: 23    Spells: 0 memorised, 8 levels left

rFire  . . .     SeeInvis .       - Unarmed
rCold  . . .     Clarity  .     (armour currently unavailable)
rNeg   + + +     SustAt   .     (no shield)
rPois  +         Gourm    .     (helmet currently unavailable)
rElec  .         Spirit   .     (cloak currently unavailable)
rCorr  .         Warding  .     (gloves currently unavailable)
rMut   .         NoTele   +     (boots currently unavailable)
MR     .....                    (no amulet)
Stlth  +++++.....               F - ring of stealth
                                r - ring of positive energy

@: tree-form, not resistant to hostile enchantments, quite stealthy
A: (claws 0), thin skeletal structure 2, (spiny 0)
a: no special abilities


You were in a bailey.
You were not hungry.
You were a tree.
You visited 2 branches of the dungeon, and saw 9 of its levels.
You also visited: Bailey.

You collected 364 gold pieces.

Inventory:

Armour
 a - a +1 robe (melded)
 f - a +1 hat (melded)
 l - a +0 cloak (melded)
 p - a +0 pair of boots (melded)
Jewellery
 k - a cursed -2 ring of strength
 r - a ring of positive energy (left branch)
 y - an uncursed ring of magical power
 F - a ring of stealth (right branch)
 I - an uncursed ring of wizardry
Magical devices
 j - a wand of polymorph (5)
 v - a wand of slowing (30)
 G - a wand of flame (12)
Scrolls
 e - 5 scrolls of remove curse
 h - a scroll of random uselessness
 o - 4 scrolls of teleportation
 u - a scroll of magic mapping {unknown}
 x - a scroll of amnesia
 C - a scroll of blinking {unknown}
Potions
 c - a potion of brilliance
 d - a potion of cure mutation
 i - a potion of lignification
 m - a potion of cancellation
 q - 3 potions of poison {unknown}
 s - 2 potions of haste
 t - a potion of resistance
 A - 2 potions of curing
Books
 E - a book of Maledictions

   Spells                             Type                      Level
   a - Corona                         Hexes                        1
   b - Ensorcelled Hibernation        Hexes/Ice                    2
   c - Confuse                        Hexes                        3
   d - Tukima's Dance                 Hexes                        3
   e - Dazzling Spray                 Conjuration/Hexes            3
Comestibles
 b - 4 bread rations
 g - 3 meat rations
 n - 7 fruits
 w - a slice of pizza
 B - 3 chunks of flesh
 D - a beef jerky


   Skills:
 + Level 7.0 Fighting
 + Level 6.2 Dodging
 - Level 1.7 Stealth
 * Level 9.0 Unarmed Combat


You had 8 spell levels left.
You didn't know any spells.

Dungeon Overview and Level Annotations

Branches:
Dungeon (8/15)             Temple (1/1) D:6
   Lair: D:8-11

Altars:
Ashenzari
Cheibriados
Dithmenos
Elyvilon
Fedhas
Gozag
Kikubaaqudgha
Okawaru
Qazlal
Ru
Sif Muna
Trog
Vehumet
Xom
The Shining One


Innate Abilities, Weirdness & Mutations

((You have sharp fingernails.))
You have a moderately thin skeletal structure (Dex +4, Stealth+).
((You are partially covered in sharp spines.))


Message History

* * * LOW HITPOINT WARNING * * *
You cannot move.
Drink which item? (? for menu, Esc to quit)
You feel better. The gnoll hits you but does no damage.
You are electrocuted!
* * * LOW HITPOINT WARNING * * *
The orc warrior hits you but does no damage.
Drink which item? (? for menu, Esc to quit)
You feel better. The gnoll hits you but does no damage.
You are electrocuted!
* * * LOW HITPOINT WARNING * * *
You closely miss the orc warrior.
The orc warrior is lightly wounded.
The orc warrior hits you but does no damage.
You hit the orc warrior but do no damage.
The orc warrior is lightly wounded.
The gnoll hits you but does no damage.
The orc warrior hits you but does no damage.
You hit the orc warrior but do no damage.
The orc warrior is lightly wounded.
The gnoll hits you but does no damage.
You are electrocuted!
You die...

##### ### ## #
##.Kg###.# #.#
#'##'##(###o##'##'#
#...g)## ##♣....#
#...(K# ###....)###
#.'..⌠..' #.'..⌠..'.#
###.....#####.....###
#.....# #(.(.(##
#'##'##' #)##'##(##
#.# #. #g#.# #.###(#
## ### #### ### #(#
#.# #.###)#.# #.###.#


You could see an orc warrior, a gnoll and a kobold.

Vanquished Creatures
  Grinder (D:6)
  A hippogriff (D:7)
  Menkaure (D:6)
  A phantom (D:4)
  2 sky beasts
  An ice beast (D:5)
  An orc warrior (D:7)
  An ogre (D:5)
  3 centaurs
  2 giant frogs (D:7)
  A big kobold (D:7)
  A scorpion (D:6)
  An orc priest (D:6)
  2 jellies (D:7)
  7 orc wizards
  Ijyb (D:2)
  3 hounds
  5 worker ants
  Terence (D:2)
  3 iguanas
  A hound zombie (D:5)
  A hound skeleton (D:6)
  A worker ant zombie (D:6)
  Robin (D:2)
  12 adders
  10 gnolls (Bailey)
  A shadow imp (D:6)
  An ooze (D:3)
  3 worms
  5 giant geckos
  18 orcs
  9 giant cockroaches
  22 hobgoblins
  5 jackals (D:6)
  3 quokkas
  2 ball pythons
  6 bats
  2 giant gecko skeletons
  5 giant newts
  26 goblins
  21 kobolds
  A quokka skeleton (D:4)
  7 rats
202 creatures vanquished.

Notes
Turn   | Place    | Note
--------------------------------------------------------------
     0 | D:1      | luca467 the Demonspawn Monk began the quest for the Orb.
     0 | D:1      | Reached XP level 1. HP: 18/18 MP: 1/1
   350 | D:1      | Gained mutation: You have a somewhat thin skeletal structure (Dex +2, Stealth). [demonic ancestry]
   350 | D:1      | Reached XP level 2. HP: 20/24 MP: 2/2
  1095 | D:2      | Noticed Robin
  1144 | D:2      | Reached skill level 4 in Unarmed Combat
  1368 | D:2      | Reached XP level 3. HP: 15/29 MP: 3/3
  1570 | D:2      | Noticed Terence
  1582 | D:2      | Killed Terence
  1735 | D:2      | Gained mutation: You are partially covered in sharp spines. [demonic ancestry]
  1735 | D:2      | Reached XP level 4. HP: 29/37 MP: 4/4
  1856 | D:2      | Killed Robin
  1924 | D:2      | Noticed Ijyb
  2029 | D:2      | Killed Ijyb
  2347 | D:3      | Reached XP level 5. HP: 42/42 MP: 5/5
  3060 | D:4      | Found a shattered altar of Ashenzari.
  3247 | D:4      | Found an iron altar of Okawaru.
  3270 | D:4      | Reached skill level 5 in Unarmed Combat
  3300 | D:4      | Noticed a phantom
  3344 | D:4      | Killed a phantom
  3344 | D:4      | Reached XP level 6. HP: 22/49 MP: 6/6
  4050 | D:5      | Entered Level 5 of the Dungeon
  4093 | D:5      | Reached XP level 7. HP: 52/55 MP: 7/7
  4109 | D:5      | Reached skill level 5 in Fighting
  4109 | D:5      | Reached skill level 6 in Unarmed Combat
  4513 | D:5      | Found a bloodstained altar of Trog.
  4687 | D:5      | Reached skill level 5 in Dodging
  4768 | D:5      | Found a sacrificial altar of Ru.
  4984 | D:6      | Gained mutation: You have sharp fingernails. [demonic ancestry]
  4984 | D:6      | Reached XP level 8. HP: 63/63 MP: 8/8
  5131 | D:6      | Reached skill level 7 in Unarmed Combat
  5225 | D:6      | Found a staircase to the Ecumenical Temple.
  5234 | Temple   | Entered the Ecumenical Temple
  5507 | D:6      | Noticed Grinder
  5511 | D:6      | Paralysed by Grinder for 5 turns
  5518 | D:6      | Killed Grinder
  5812 | D:6      | Found a snail-covered altar of Cheibriados.
  5904 | D:6      | Noticed Menkaure
  5911 | D:6      | Killed Menkaure
  6228 | D:6      | Reached skill level 8 in Unarmed Combat
  6472 | D:7      | Gained mutation: You have a moderately thin skeletal structure (Dex +4, Stealth+). [demonic ancestry]
  6472 | D:7      | Reached XP level 9. HP: 62/71 MP: 9/9
  6654 | D:7      | Found a shadowy altar of Dithmenos.
  7174 | D:8      | Found a flagged portal.
  7187 | Bailey   | Entered a bailey
  7264 | Bailey   | Reached skill level 9 in Unarmed Combat
  7368 | Bailey   | HP: 4/108 [gnoll/halberd of electrocution (15)]
  7372 | Bailey   | Slain by a gnoll

Vault maps used:
D:1:      dpeg_arrival_rooms_b
D:2:      first_bread, uniq_robin, uniq_terence, uniq_iyjb
D:3:      nicolae_overflow_hidden_temple, minivault_25
D:4:      old_standard_altar, cheibrodos_ashenzari_chains, minmay_ruptured
D:5:      nicolae_ru_the_path_less_chosen, basic_altar, due_unseen_surprise
D:6:      lemuel_doored_altar, minmay_temple_entry_mist,
          grunt_decor_mini_mirrors, uniq_grinder, uniq_menkaure
D:7:      basic_altar
D:8:      zin_scriptorium, lemuel_mausoleum_altar_yredelemnul,
          kennysheep_little_box, minmay_lair_entry_lava, enter_bailey_3
Temple:   triangle_lava_temple_11
Bailey:   bailey_axe_2, bailey

Action                   |  1- 3 |  4- 6 |  7- 9 || total
-------------------------+-------+-------+-------++-------
Melee: Unarmed           |   110 |   142 |   252 ||   504
  Use: Scroll            |     4 |     4 |    13 ||    21
       Potion            |       |       |     6 ||     6
 Stab: Sleeping          |     7 |    12 |    19 ||    38
       Distracted        |     1 |       |       ||     1
  Eat: Chunk             |     2 |     3 |     9 ||    14
       Meat ration       |       |     1 |       ||     1
       Beef jerky        |       |       |     1 ||     1
